 Dungeon Crawl Stone Soup version 0.30-a0-937-ga0a21ad780 (webtiles) character file.

Game seed: 12291291528145669842

14622 Darius099 the Severer (level 11, -8/91 (95) HPs)
             Began as a Minotaur Fighter on Mar 25, 2023.
             Was a High Priest of Okawaru.
             Killed from afar by a lich (34 damage)
             ... with a bolt of cold
             ... on level 1 of the Abyss.
             The game lasted 00:28:00 (12187 turns).

Darius099 the Severer (Minotaur Fighter)           Turns: 12187, Time: 00:28:01

HP:   -8/91 (95)    AC: 18    Str: 29    XL:     11   Next: 91%
MP:   14/14         EV: 28    Int:  5    God:    Okawaru [*****.]
Gold: 771           SH:  5    Dex:  9    Spells: 10/10 levels left

rFire   . . .      SeeInvis .    M - +1 war axe (venom)
rCold   . . .      Faith    .    c - +0 buckler
rNeg    . . .      Spirit   .    J - +1 chain mail {Will+}
rPois   .          Reflect  .    (helmet restricted)
rElec   .          Rampage  .    F - +0 cloak
rCorr   .                        H - +0 pair of gloves of the Moon {Str+3}
Will    +....                    (no boots) Stlth
                                 A - amulet of the acrobat
HPRegen 0.00/turn                a - +4 ring of protection
MPRegen 0.14/turn                D - +5 ring of evasion

@: acrobatic, sick, slowed, lightly drained, very slow
A: horns 2, retaliatory headbutt
a: Renounce Religion, Heroism, Finesse, Duel


You were on level 1 of the Abyss.
You worshipped Okawaru.
Okawaru was extremely pleased with you.
You visited 2 branches of the dungeon, and saw 12 of its levels.
You visited the Abyss 1 time.
You also visited: Sewer and Ossuary.

You collected 771 gold pieces.

Inventory:

Hand Weapons
 M - a +1 war axe of venom (weapon)
Armour
 c - a +0 buckler (worn)
 h - a +3 scale mail of cold resistance
 F - a +0 cloak (worn)
 H - the +0 pair of gloves of the Moon (worn) {Str+3}
   (You found it on level 8 of the Dungeon)

   Str:       It affects your strength (+3).
 J - a +1 chain mail of willpower (worn)
Jewellery
 a - a +4 ring of protection (left hand)
 A - an amulet of the acrobat (around neck)
 C - a ring of positive energy
 D - a +5 ring of evasion (right hand)
 N - a ring of protection from fire
Wands
 w - a wand of iceblast (16)
 G - a wand of flame (22)
 I - a wand of paralysis (5)
 L - a wand of mindburst (1)
Scrolls
 b - 2 scrolls of fog
 f - 3 scrolls of enchant weapon
 g - 5 scrolls of enchant armour
 i - 7 scrolls of teleportation
 j - 4 scrolls of magic mapping
 k - a scroll of amnesia {unknown}
 l - a scroll of immolation {unknown}
 m - a scroll of torment
 r - 3 scrolls of blinking
 s - 6 scrolls of identify
 v - 2 scrolls of fear {unknown}
 y - a scroll of vulnerability {unknown}
 B - a scroll of acquirement {unknown}
Potions
 d - 5 potions of might
 e - 4 potions of haste
 n - 3 potions of cancellation
 o - 3 potions of resistance
 p - a potion of heal wounds
 q - a potion of lignification
 t - a potion of berserk rage {unknown}
 u - 7 potions of curing
 x - 3 potions of mutation {unknown}
 z - 2 potions of degeneration {unknown}
 E - 2 potions of brilliance
 K - 2 potions of magic {unknown}
 O - a potion of ambrosia {unknown}


   Skills:
 + Level 8.5 Fighting
 - Level 16.0 Axes
 + Level 8.5 Armour
 + Level 8.5 Shields
 - Level 6.0 Invocations
 - Level 5.5 Evocations


You had 10 spell levels left.
You didn't know any spells.
Your spell library contained the following spells:

 Spells                   Type           Power      Damage    Failure   Level
 Sublimation of Blood     Necr           0%         N/A       99%         2
 Ignite Poison            Fire/Tmut/Pois 0%         N/A       100%        3
 Inner Flame              Hex/Fire       0%         N/A       100%        3
 Flame Wave               Conj/Fire      0%         2d4       100%        4
 Petrify                  Tmut/Erth      0%         N/A       100%        4
 Sticky Flame             Conj/Fire      0%         2d3       100%        4
 Irradiate                Conj/Tmut      0%         3d11      100%        5
 Eringya's Noxious Bog    Tmut/Pois      0%         N/A       100%        6
 Ignition                 Fire           0%         3d3       100%        8
 Summon Forest            Summ/Tloc      Unusable   N/A       N/A         5
 Summon Hydra             Summ           Unusable   N/A       N/A         7

Dungeon Overview and Level Annotations

Branches:
Dungeon (11/15)            Temple (1/1) D:5             Orc (0/2) D:9
  Sewer (visited)         Ossuary (visited)
   Lair: D:8-11

Altars:
Ashenzari
Cheibriados
Dithmenos
Elyvilon
Fedhas
Gozag
Hepliaklqana
Kikubaaqudgha
Makhleb
Nemelex Xobeh
Okawaru
Qazlal
Ru
Sif Muna
Trog
Uskayaw
Vehumet
Wu Jian
Xom
Yredelemnul
Zin
The Shining One

Shops:
D:4 !   D:10 *

Portals:
Trove: D:10 (give +4 fire dragon scales)

Annotations:
D:11 Psyche


Innate Abilities, Weirdness & Mutations

You have a pair of horns on your head.
You reflexively headbutt those who attack you in melee.


Message History

The tentacled starspawn closely misses you.
You furiously retaliate!
You headbutt the tentacled starspawn.
The tentacled starspawn tentacle-slaps you!
You feel ill. The lich touches you!
You feel drained.
Your magical effects are unravelling.
You feel magically purged.
You feel yourself speed up.
You feel your health improve.
Tentacles burst from the starspawn's body!
You feel yourself growing ill in the presence of the ancient zyme.
The lich closely misses you.
The tentacled starspawn bites you but does no damage.
The tentacled starspawn tentacle-slaps you but does no damage.
The lich touches you!
* * * LOW HITPOINT WARNING * * *
2 starspawn tentacles come into view.
An orb spider comes into view.
The starspawn tentacle grabs you. The starspawn tentacle constricts you.
* * * LOW HITPOINT WARNING * * *
The orb spider moves out of view.
You escape the starspawn tentacle's grasp.
The lich attacks as you move away! You block the lich's attack.
The lich points at you and mumbles some strange words.
You resist with significant effort.
The lich conjures a glowing orb.
The starspawn tentacle grabs you. The starspawn tentacle constricts you.
You hear a faint skittering sound.
An orb of destruction comes into view.
The starspawn tentacle's grasp on you weakens, but your attempt to escape fails.
The lich conjures an orb of pure magic.
The orb fizzles. x2
The starspawn tentacle loses its grip on you.
The tentacle pulls you backwards!
You feel ill.
The lich touches you but does no damage.
The lich attacks as you move away!
The lich touches you but does no damage. x2
The lich points at you and mumbles some strange words.
You feel yourself slow down.
The lich points at you and mumbles some strange words.
The bolt of cold hits you!!
You die...

#.## . . ....#. ..
.....# #. . ..
#..#..##....## # ###
#.#....#####.# .#
..#.§# ...#...#..#
#..§#.####.#s#..#####
#.
#.......#.4x..w##..
.#.#
#..@#..#...│..##.. .
###..L#.#>#││... ~.#
#.#.#.X──#.#...~..
##.##.###... #~... ..
##. ##..#.~. . ####.
.. . .#~~≈≈ ## ..#
#♣~~~ ##.....§.
..###♣ ~.


You could see a lich (fast).

Vanquished Creatures
  Josephine (D:10)
  A vault guard (D:10)
  3 two-headed ogres
  Amaemon (D:10)
  Lodul (D:10)
  A glowing orange brain (Abyss:1)
  Maggie (D:7)
  A smoke demon (Abyss:1)
  An orange demon (D:10)
  2 hornets
  Sigmund (D:2)
  10 yaks
  6 wraiths
  A shadow (D:10)
  A ynoxinul (Abyss:1)
  Eustachio (D:6)
  2 wyverns
  2 steam dragons
  Menkaure (D:7)
  An acid dragon (D:8)
  6 orc warriors
  A water moccasin (D:6)
  3 black bears
  3 ice beasts
  3 sky beasts
  9 ogres
  A centaur (D:10)
  2 kobold brigands
  An elf zombie (Ossuary)
  3 bullfrogs
  A gnoll sergeant (D:8)
  2 scorpions
  5 wights
  2 small abominations (Abyss:1)
  A water moccasin skeleton (D:5)
  5 howler monkeys
  A bullfrog zombie (D:5)
  Crazy Yiuf (D:7)
  A hound (D:5)
  5 jellies
  2 gnoll boudas
  10 orc priests
  Terence (D:3)
  A centaur skeleton (D:5)
  2 iguanas
  Natasha (twice) (D:3)
  15 orc wizards
  2 mummies (Ossuary)
  14 adders
  14 gnolls
  A river rat (Sewer)
  2 white imps (D:6)
  An ufetubus (D:6)
  4 adder zombies (Ossuary)
  A worm (D:2)
  The ghost of Akorn the Sneak, a weakling DjDe (D:5)
  2 dart slugs
  24 orcs
  7 bats
  17 endoplasms
  2 giant cockroaches
  9 goblins
  8 hobgoblins
  8 jackals
  19 kobolds
  9 quokkas
  15 ball pythons
  7 frilled lizards
  12 hobgoblin zombies (Ossuary)
  2 jackal zombies (Ossuary)
  11 kobold zombies (Ossuary)
  6 orc zombies (Ossuary)
  8 rats
  A rat zombie (Ossuary)
335 creatures vanquished.

Vanquished Creatures (others)
  36 plants
  4 starspawn tentacles (Abyss:1)
40 creatures vanquished.

Grand Total: 375 creatures vanquished

Notes
Turn   | Place    | Note
-------+----------+-------------------------------------------
     0 | D:1      | Darius099 the Minotaur Fighter began the quest for the Orb.
     0 | D:1      | Reached XP level 1. HP: 19/19 MP: 0/0
    28 | D:1      | Reached skill level 3 in Axes
    63 | D:1      | Reached XP level 2. HP: 26/26 MP: 1/1
   259 | D:1      | Reached skill level 4 in Axes
   504 | D:1      | Reached XP level 3. HP: 27/31 MP: 2/2
   846 | D:2      | Reached skill level 5 in Axes
   878 | D:2      | Reached XP level 4. HP: 37/39 MP: 3/3
   932 | D:2      | Noticed Sigmund
   938 | D:2      | Killed Sigmund
   939 | D:2      | Reached skill level 7 in Axes
   939 | D:2      | Reached XP level 5. HP: 44/45 MP: 4/4
  1107 | D:2      | Reached XP level 6. HP: 51/51 MP: 5/5
  1338 | D:3      | Found a glowing drain.
  1373 | D:3      | Reached skill level 8 in Axes
  1401 | Sewer    | Entered a sewer
  1674 | Sewer    | Found a viscous altar of Jiyva.
  1996 | D:3      | Reached skill level 9 in Axes
  2017 | D:3      | Noticed Natasha
  2024 | D:3      | Killed Natasha
  2185 | D:3      | Reached XP level 7. HP: 57/57 MP: 6/6
  2593 | D:3      | Noticed Terence
  2595 | D:3      | Found a faded altar of an unknown god.
  2595 | D:3      | Noticed Natasha
  2604 | D:3      | Killed Natasha
  2606 | D:3      | Killed Terence
  2782 | D:3      | Found a glowing silver altar of Zin.
  2850 | D:3      | Reached skill level 10 in Axes
  3049 | D:4      | Found a hide-covered altar of Uskayaw.
  3193 | D:4      | Found Pufritt's Distillery.
  3224 | D:4      | Identified the +5 robe of the Present {rPois rN+ Str+4
                  | Dex-5}
  3558 | D:4      | Reached skill level 11 in Axes
  3691 | D:5      | Entered Level 5 of the Dungeon
  3731 | D:5      | Reached XP level 8. HP: 64/64 MP: 7/7
  3773 | D:5      | Found a staircase to the Ecumenical Temple.
  4040 | D:5      | Found a transporter.
  4051 | D:5      | Noticed Akorn's ghost (weakling DjDe)
  4081 | D:5      | Found a transporter.
  4552 | D:5      | Killed Akorn's ghost
  4556 | D:5      | Reached skill level 12 in Axes
  4621 | Temple   | Entered the Ecumenical Temple
  4785 | Temple   | Became a worshipper of Warmaster Okawaru
  4935 | D:6      | Found a large runed translucent door.
  4935 | D:6      | Found a large runed translucent door.
  4974 | D:6      | Noticed Eustachio
  4994 | D:6      | Killed Eustachio
  4995 | D:6      | Reached skill level 13 in Axes
  5092 | D:6      | Found a sand-covered staircase.
  5132 | Ossuary  | Entered an ossuary
  5518 | D:7      | Reached * piety under Okawaru
  5519 | D:7      | Reached skill level 14 in Axes
  5519 | D:7      | Reached XP level 9. HP: 11/70 MP: 8/8
  5525 | D:7      | Noticed Maggie
  5853 | D:6      | Found an ancient bone altar of Kikubaaqudgha.
  6146 | D:6      | Found a snail-covered altar of Cheibriados.
  6163 | D:6      | Reached skill level 15 in Axes
  6372 | D:6      | Found a broken altar of Ashenzari.
  6512 | D:7      | Killed Maggie
  6541 | D:7      | Found a sparkling altar of Nemelex Xobeh.
  6560 | D:7      | Reached ** piety under Okawaru
  6643 | D:7      | Found a runed translucent door.
  6644 | D:7      | Noticed Crazy Yiuf
  6768 | D:7      | Reached skill level 16 in Axes
  6873 | D:7      | Noticed Menkaure
  6884 | D:7      | Killed Menkaure
  6885 | D:7      | Reached skill level 1 in Invocations
  6885 | D:7      | Reached skill level 1 in Evocations
  7356 | D:7      | Killed Crazy Yiuf
  7728 | D:8      | Reached XP level 10. HP: 77/77 MP: 11/11
  7863 | D:8      | Identified the +0 pair of gloves of the Moon {Str+3}
  8312 | D:9      | Reached *** piety under Okawaru
  8459 | D:9      | Reached skill level 5 in Invocations
  8459 | D:9      | Found a staircase to the Orcish Mines.
  8751 | D:9      | Noticed a two-headed ogre
  8757 | D:9      | Killed a two-headed ogre
  8757 | D:9      | Reached **** piety under Okawaru
  8758 | D:9      | Reached skill level 5 in Evocations
  9882 | D:10     | Entered Level 10 of the Dungeon
  9935 | D:10     | Reached skill level 5 in Fighting
  9972 | D:10     | Noticed Lodul
 10006 | D:9      | Reached skill level 5 in Armour
 10006 | D:9      | Reached skill level 5 in Shields
 10083 | D:9      | Reached ***** piety under Okawaru
 10084 | D:9      | Reached XP level 11. HP: 48/88 MP: 14/14
 10418 | D:10     | Killed Lodul
 10688 | D:10     | Noticed Amaemon
 10734 | D:10     | Killed Amaemon
 10964 | D:10     | Noticed a vault guard
 10977 | D:10     | HP: 4/91 [vault guard/+0 bardiche (18)]
 10978 | D:10     | Killed a vault guard
 11229 | D:10     | Found a portal to a secret trove of treasure.
 11392 | D:10     | Noticed a two-headed ogre
 11404 | D:10     | Killed a two-headed ogre
 11404 | D:10     | Received a gift from Okawaru
 11443 | D:10     | Found Xoifis's Assorted Antiques.
 11445 | D:10     | Noticed Josephine
 11455 | D:10     | Killed Josephine
 11673 | D:11     | Noticed a two-headed ogre
 11680 | D:11     | Killed a two-headed ogre
 11696 | D:11     | Noticed Psyche
 11712 | Abyss:1  | Cast into level 1 of the Abyss (Psyche)
 11726 | Abyss:1  | Found a corrupted altar of Lugonu.
 11757 | Abyss:1  | Noticed a glowing orange brain
 11769 | Abyss:1  | Killed a glowing orange brain
 11824 | Abyss:1  | Noticed a rakshasa
 11986 | Abyss:1  | Noticed a purple draconian
 11986 | Abyss:1  | Noticed a bone dragon
 12011 | Abyss:1  | HP: 2/95 [bone dragon (20)]
 12165 | Abyss:1  | Noticed a lich
 12167 | Abyss:1  | Noticed a tentacled starspawn
 12180 | Abyss:1  | Noticed an orb spider
 12187 | Abyss:1  | Killed from afar by a lich

Illustrated notes

Levels and vault maps discovered:
D:1:      sevenhm_arrival_forest_fort_large_2, layout_basic,
          dreamdust_wishing_well
D:2:      layout_rooms, minmay_cut_off, uniq_sigmund
D:3:      layout_loops_ring, nicolae_overflow_ecumenical_swirl,
          cheibrodos_sewer_entry_sluice, kennysheep_generic_room_13,
          uniq_terence, uniq_natasha
D:4:      wad_woods_tower, layout_cave_pools, general_overflow_altar,
          serial_shops, shop, minivault_24
D:5:      layout_layer_cave, minmay_temple_entry_slanted,
          gammafunk_ghost_mausoleum
D:6:      layout_loops_ring, nicolae_kikubaaqudgha_miasma_corner,
          jmf_multi_god_temple2, nicolae_ossuary_entry_false_entrances,
          uniq_eustachio
D:7:      layout_gridville, nemelex_xobeh_ov_fountains_minmay,
          kennysheep_generic_room_8, uniq_menkaure, uniq_crazy_yiuf_cottage,
          uniq_maggie
D:8:      layout_gridville, nrook_mini_vaults, minmay_unpleasant_kobolds
D:9:      layout_loops_corners, david_orc_3, serial_co_window_serial,
          co_window_corner_a, co_window_paths_a, co_window_paths_a,
          co_window_paths_a, co_window_paths_a, co_window_paths_b,
          co_window_corner_a, co_window_unsneaky_path_b,
          co_window_of_opportunity_c, co_window_corner_b,
          co_window_of_opportunity_b, co_window_broadway_c,
          co_window_of_opportunity_b, glass_columns_b, glass_columns_a,
          glass_columns_b, glass_columns_a, glass_columns_a, grunt_ministairs_6
D:10:     layout_basic, serial_shops, nicolae_shop_overgrown_old_shop,
          enter_trove_5, minmay_increasing_density, uniq_lodul, uniq_amaemon,
          uniq_josephine
D:11:     layout_cave_pools, david_lair_generic, uniq_psyche, uniq_erolcha
Temple:   eino_temple_rhombus
Abyss:1:  base: D:6, evilmike_abyss_exit_4, hangedman_abyss_shoalhut,
          hangedman_abyss_shoalhut

Skill      XL: |  1  2  3  4  5  6  7  8  9 10 11 |
---------------+----------------------------------+-----
Axes           | 3 4 5 7 9 11 14 16 | 16.0
Invocations    | 3 6 |  6.0
Evocations     | 2 5 |  5.5
Fighting       | 5 8 |  8.5
Armour         | 5 8 |  8.5
Shields        | 5 8 |  8.5

Action                     |  1- 3 |  4- 6 |  7- 9 | 10-12 || total
---------------------------+-------+-------+-------+-------++-------
  Melee: War axe           |    98 |   117 |   407 |   300 ||   922
         Headbutt          |    10 |    17 |    61 |    66 ||   154
 Invoke: Heroism           |       |       |       |     3 ||     3
         Finesse           |       |       |       |     1 ||     1
    Use: Scroll            |       |     6 |     7 |     1 ||    14
         Potion            |       |       |     3 |     5 ||     8
 Armour: Scale mail        |    44 |    48 |   131 |     4 ||   227
         Chain mail        |       |       |       |    65 ||    65
  Dodge: Dodged            |    51 |    58 |   146 |   134 ||   389
  Block: Buckler           |    23 |    19 |    61 |    49 ||   152

Table legend: (Time is in decaauts)
 A = Elapsed time spent in this place.
 B = Non-inter-level travel time spent in this place.
 C = Inter-level travel time spent in this place.
 D = Time resting spent in this place.
 E = Time spent auto-exploring this place.
 F = Levels seen in this place.
 G = Mean time per level.
                   A        B        C        D        E       F      G
               +--------+--------+--------+--------+--------+-----+--------+
         Total |  12156 |  11722 |    434 |   2197 |   6671 |  15 |  810.4 |
       Dungeon |  10772 |  10338 |    434 |   1924 |   6129 |  11 |  979.3 |
        Temple |    189 |    189 |      0 |      0 |    145 |   1 |  189.0 |
         Abyss |    470 |    470 |      0 |    273 |      0 |   1 |  470.0 |
         Sewer |    512 |    512 |      0 |      0 |    302 |   1 |  512.0 |
       Ossuary |    210 |    210 |      0 |      0 |     95 |   1 |  210.0 |
               +--------+--------+--------+--------+--------+-----+--------+

Top non-repeatable levels by time:
     D:9: 1955 daAuts
    D:10: 1356 daAuts
     D:6: 1338 daAuts
     D:3: 1260 daAuts
     D:7: 1066 daAuts
     D:5: 942 daAuts
     D:1: 840 daAuts
     D:8: 789 daAuts
     D:4: 662 daAuts
     D:2: 513 daAuts
   Sewer: 512 daAuts
 Abyss:1: 470 daAuts
 Ossuary: 210 daAuts
  Temple: 189 daAuts
    D:11: 46 daAuts
